 Dungeon Crawl Stone Soup version 0.18.1-6-gd335043 (webtiles) character file.

22 Inkary the Sneak (level 2, -1/14 HPs)
             Began as a Spriggan Assassin on May 15, 2016.
             Slain by a kobold
             ... wielding a +0 short sword
              (2 damage)
             ... on level 1 of the Dungeon.
             The game lasted 00:01:39 (471 turns).

Inkary the Sneak (Spriggan Assassin)                 Turns: 471, Time: 00:01:40

Health: -1/14      AC:  3    Str:  7    XL:     2   Next: 68%
Magic:  3/3        EV: 17    Int: 12    God:
Gold:   65         SH:  0    Dex: 17    Spells: 0 memorised, 1 level left

rFire  . . .     SeeInvis +     a - +2 dagger
rCold  . . .     Gourm    .     c - +0 robe
rNeg   . . .     Faith    .     (shield restricted)
rPois  .         Spirit   .     (helmet restricted)
rElec  .         Dismiss  .     d - +0 cloak
rCorr  .         Reflect  .     (gloves unavailable)
SustAt .         Harm     .     (boots unavailable)
MR     .....                    (no amulet)
Stlth  ++++......               (no ring)
                                (no ring)

@: very quick, not resistant to hostile enchantments, stealthy
A: unfitting armour, see invisible, herbivore 3, speed 3, slow metabolism 2
a: no special abilities


You were on level 1 of the Dungeon.
You were not hungry.

You visited 1 branch of the dungeon, and saw 1 of its levels.

You collected 65 gold pieces.

Inventory:

Hand Weapons
 a - a +2 dagger (weapon)
 b - a +0 blowgun
Missiles
 e - 8 poisoned needles
 f - 2 curare-tipped needles
Armour
 c - a +0 robe (worn)
 d - a +0 cloak (worn)
Scrolls
 h - 4 scrolls of identify {unknown}
 l - a scroll of enchant armour {unknown}
 m - a scroll of remove curse {unknown}
Potions
 i - a potion of lignification {unknown}
 j - 2 potions of haste {unknown}
 k - a potion of might {unknown}
Comestibles
 g - a bread ration


   Skills:
 + Level 1.6 Fighting
 * Level 2.9 Short Blades
 - Level 2.0 Throwing
 + Level 2.0 Dodging
 * Level 6.3 Stealth


You had one spell level left.
You didn't know any spells.

Dungeon Overview and Level Annotations

Branches:
Dungeon (1/15)

Altars:


Innate Abilities, Weirdness & Mutations

You are tiny and cannot use many weapons and most armour.
You have supernaturally acute eyesight.
You are a herbivore.
You cover ground extremely quickly.
You need consume almost no food.


Message History

The hobgoblin barely misses you.
You hit the hobgoblin.
You kill the hobgoblin!
The hobgoblin completely misses you.
You hit the hobgoblin.
The hobgoblin is heavily wounded.
The hobgoblin misses you.
You hit the hobgoblin.
You kill the hobgoblin!
The kobold hits you but does no damage.
You barely miss the kobold. You barely miss the kobold.
The kobold hits you with a short sword.
You hit the kobold but do no damage. The kobold closely misses you.
You hit the kobold but do no damage. The kobold misses you.
You barely miss the kobold. The kobold hits you with a short sword.
You closely miss the kobold. The kobold hits you with a short sword.
* * * LOW HITPOINT WARNING * * *
You are too injured to fight recklessly!
You closely miss the kobold. The kobold hits you with a short sword.
You die...

##..##....#.###....
##.......##.# #.........
....##..###.# #.........
###.##..# #.# #......!.. #
#.###.# #.# #......... #
#.###.##♣.♣##......... #
#.#...................
#.#.#..#♣.♣##.K)......
###.#.#..##....†@†......
(##.#.#..#♣.♣...........
..'...#..##.............
(##.###+.#♣.♣...........
##..##.÷...........$....
...###....♣.♣...........
..####.%........############
.....'....♣.♣...##.........#
#.####......... #.........


You could see a kobold.

Vanquished Creatures
  An ooze (D:1)
  4 bats (D:1)
  3 goblins (D:1)
  2 hobgoblins (D:1)
  4 kobolds (D:1)
  2 rats (D:1)
16 creatures vanquished.

Notes
Turn   | Place    | Note
--------------------------------------------------------------
     0 | D:1      | Inkary the Spriggan Assassin began the quest for the Orb.
     0 | D:1      | Reached XP level 1. HP: 10/10 MP: 2/2
    49 | D:1      | Reached skill level 6 in Stealth
   252 | D:1      | Reached XP level 2. HP: 14/14 MP: 3/3
   471 | D:1      | Slain by a kobold

Skill      XL: |  1  2 |
---------------+-------+-----
Stealth        | 6 |  6.3
Dodging        | 2 |  2.0
Fighting       | |  1.6
Short Blades   | |  2.9
Throwing       | |  2.0

Action                   || total
-------------------------++-------
Melee: Dagger            ||    38
 Stab: Sleeping          ||     9
Armor: Robe              ||     3
Dodge: Dodged            ||    21
